[Event "*** Titled Tuesday Blitz"]
[Site "Chess.com"]
[Date "2019.10.01"]
[Round "3"]
[White "MidnightFox"]
[Black "monalize"]
[Result "0-1"]
[WhiteElo "2141"]
[BlackElo "2402"]
[TimeControl "180+2"]
[EndTime "13:38:19 PDT"]
[Termination "monalize won by resignation"]

1. e4 c5 2. Nf3 d6 3. Bb5+ Nd7 4.
O-O a6 5. Be2 Ngf6 6. d3 e6 7.
Re1 Be7 8. Bf1 O-O 9. c3 b5 10. d4 cxd4 11. cxd4 Bb7 12. Bd3 d5 13. e5 Ne4 14. Be3 f5 15. exf6 Bxf6 16. Nbd2 Rc8 17. Rc1 Qb6 18. Nf1 b4 19. Ng3 a5 20. Nh5 Be7 21. Nd2 Ndf6 22. f3 Nxd2 23. Nxf6+ Bxf6 24. Qxd2 Rxc1 25. Rxc1 Ba6 26. Rc5 Bxd3 27. Qxd3 Rb8 28. f4 a4 29. f5 b3 30. a3 Be7 31. Rc1 Rf8 32. fxe6 Qxe6 33. h3 Bd6 34. Kh1 Qf6 35.
Qb5 Qe6 36. Bg1 Bf4 37. Rf1 Qe4 38. Qxa4 Qd3 39. Rxf4 Rxf4 40. Qa8+ Rf8 41. Qxd5+ Kh8 42. Qc5 Rd8 43. Qb6 Rc8 44. a4 h6 45. a5 Rc1 46.
a6 Qe3 47. Qb8+ Kh7 48. Qh2 Qxd4 49. g3 Qd5+ 50. Qg2 Qxg2+ 51. Kxg2 Rc2+ 52. Kf3 Rxb2 53. Ke4 Ra2 54. a7 b2 0-1

[Event "*** Titled Tuesday Blitz"]
[Site "Chess.com"]
[Date "2019.10.01"]
[Round "3"]
[White "Keranke"]
[Black "dragos420"]
[Result "1-0"]
[WhiteElo "2795"]
[BlackElo "2353"]
[TimeControl "180+2"]
[EndTime "13:38:21 PDT"]
[Termination "Keranke won by resignation"]

1. d4 Nf6 2. c4 e6 3. g3 c5 4. Nf3 cxd4 5. Nxd4 d5 6. Bg2 e5 7. Nb3 d4 8. e3 Nc6 9. exd4 exd4 10. O-O Be7 11. Bxc6+ bxc6 12. Qxd4 O-O 13. Re1 Be6 14. Nc3 Qc8 15. Bg5 h6 16. Bxf6 Bxf6 17. Qf4 Rd8 18. Rad1 Rxd1 19. Rxd1 Qa6 20. Nc5 Qxc4 21. Nxe6 Qxe6 22.
Qd6 Qxd6 23. Rxd6 Rb8 24. Ne4 Bxb2 25. Rxc6 Bd4 26. Rc4 Rb1+ 27. Kg2 Bb6 28. a4 Rb2 29. g4 Kh7 30. h4 Re2 31. h5 Rb2 32. Kg3 Rb3+ 33. f3 Rb1 34. Nd6 Rg1+ 35. Kh2 Rf1 36. Kg2 Rf2+ 37. Kg3 Re2 38. Nxf7 Bf2+ 39. Kf4 Bh4 40.
Rc8 g6 41. hxg6+ Kxg6 42. Ne5+ Kg7 43. Rc7+ Kf6 44. Rc6+ Kg7 45. Kf5 Bg5 46. f4 Rf2 47. Nd3 Rf3 48. Ke4 Rxd3 49. Kxd3 Bxf4 50. Ke4 Bb8 51.
Kf5 1-0

[Event "*** Titled Tuesday Blitz"]
[Site "Chess.com"]
[Date "2019.10.01"]
[Round "3"]
[White "doons21"]
[Black "muran29"]
[Result "1-0"]
[WhiteElo "2611"]
[BlackElo "2394"]
[TimeControl "180+2"]
[EndTime "13:38:24 PDT"]
[Termination "doons21 won by checkmate"]

1. e4 c6 2. d3 d5 3. Nd2 Nf6 4.
Ngf3 Bg4 5. h3 Bxf3 6. Qxf3 e6 7. g4 Nbd7 8. Bg2 d4 9. g5 Ng8 10. Qg3 e5 11. Nc4 Qc7 12. h4 b5 13. Nd2 Ne7 14. Bh3 Ng6 15. Nf3 Bb4+ 16. Kf1 h5 17.
Nxd4 Nc5 18. Nf5 Ne6 19. c3 Ba5 20. Be3 Rd8 21. Rd1 O-O 22. Kg1 Bb6 23. Bf1 Nef4 24. Qf3 c5 25. Rh2 a5 26. Ng3 c4 27. dxc4 bxc4 28.
Nxh5 Nxh5 29. Qxh5 Qa7 30. Rxd8 Rxd8 31. Qf3 Bxe3 32.
fxe3 Nf4 33. Bxc4 Qc5 34. Bf1 Rd7 35. h5 Ne6 36. Rf2 Nxg5 37. Qg4 Qxe3 38. Qxd7 Nf3+ 39. Kg2 Ne1+ 40. Kg1 Qg3+ 41. Bg2 Qe3 42. Qc8+ Kh7 43. Qf5+ Kh6 44. Qh3 Qg5 45. Kh2 f6 46. Qg3 Qc1 47.
Qg6# 1-0

[Event "*** Titled Tuesday Blitz"]
[Site "Chess.com"]
[Date "2019.10.01"]
[Round "3"]
[White "GHANDEEVAM2003"]
[Black "maxip32"]
[Result "1-0"]
[WhiteElo "2985"]
[BlackElo "2507"]
[TimeControl "180+2"]
[EndTime "13:38:27 PDT"]
[Termination "GHANDEEVAM2003 won by resignation"]

1. e4 c5 2. Nf3 d6 3. d4 cxd4 4.
Nxd4 Nf6 5. Nc3 a6 6. Be2 e5 7. Nf3 h6 8. Nd2 Be7 9. Nc4 Be6 10. Ne3 Nbd7 11. O-O O-O 12. Kh1 Rc8 13. f3 Qc7 14.
Qe1 Nb6 15. Bd3 d5 16. exd5 Nbxd5 17. Ncxd5 Nxd5 18. Nf5 Bg5 19. Qe4 Nf6 20. Qe2 Nd5 21. Bxg5 hxg5 22. Qe4 g6 23. Nh6+ Kg7 24. Ng4 Bxg4 25.
fxg4 Nf4 26. Rae1 Nxd3 27. cxd3 f6 28. d4 exd4 29. Qxd4 Rf7 30. Re6 Rcf8 31. h3 Qd7 32.
Qe4 Qb5 33. Rf2 Qa5 34. a3 Qc5 35. Rc2 Qb5 36. Kh2 Rd8 37. Re2 Qc5 38. Re7 Qd6+ 39. Kh1 Qd1+ 40. Re1 Qd5 41. Qb4 Rd7 42. Re8 Rc7 43.
R8e2 b5 44. Qa5 Rc6 45. Rd2 Qc5 46. Red1 Re6 47. Qd8 Rfe7 48. Rd7 Kf7 49. Qh8 Rxd7 50. Rxd7+ Re7 51. Qh7+ Ke6 52. Rxe7+ Qxe7 53. Qxg6 Qc5 54. Qe4+ Kf7 55. Qe2 Qc1+ 56. Kh2 Qc7+ 57. Kg1 Qc1+ 58.
Kf2 Qf4+ 59. Kg1 Qc1+ 60. Kh2 Qf4+ 61. g3 Qd4 62. h4 gxh4 63. gxh4 Qf4+ 64. Kh3 Qd4 65.
h5 Kg7 66. Qe7+ Kh6 67. Qf8+ Kg5 68. Qg7+ Kf4 69. Qc7+ Kg5 70. Qc1+ Qf4 71. Qxf4+ Kxf4 72. h6 1-0

[Event "*** Titled Tuesday Blitz"]
[Site "Chess.com"]
[Date "2019.10.01"]
[Round "3"]
[White "Ginzburg_Yakov"]
[Black "Grieve72"]
[Result "1-0"]
[WhiteElo "2574"]
[BlackElo "2290"]
[TimeControl "180+2"]
[EndTime "13:38:30 PDT"]
[Termination "Ginzburg_Yakov won by resignation"]

1. e4 d6 2. d4 Nf6 3. Nc3 Nbd7 4. g3 e5 5. Nf3 c6 6. Bg2 Qc7 7. O-O g6 8. dxe5 dxe5 9. Nd2 Bg7 10. Nc4 O-O 11. Qd6 Ne8 12. Qxc7 Nxc7 13. a4 Nb6 14.
Nd6 Rd8 15. Nxc8 Nxc8 16. Be3 a5 17. Rad1 Ne6 18. Rxd8+ Nxd8 19. Bh3 Nd6 20. b3 Bf8 21. Rd1 b5 22. Bc5 N8b7 23. Bxd6 Nxd6 24. Bd7 b4 25. Ne2 Ra7 26. Bxc6 Rc7 27. Bd5 Rxc2 28. Kf1 Bh6 29. f4 exf4 30. gxf4 Kf8 31. e5 Nf5 32.
Rd3 Rb2 33. Ke1 Ke7 34. Bc4 g5 35. Rh3 g4 36. Rh5 Rb1+ 37. Kd2 Rb2+ 38. Kc1 Rxe2 39.
Bxe2 Bxf4+ 40. Kb2 Nd4 41. Bxg4 h6 42. e6 f5 43.
Bxf5 Be5 44. Bh3 Kd6 45. Rxe5 Kxe5 46. e7 1-0

[Event "*** Titled Tuesday Blitz"]
[Site "Chess.com"]
[Date "2019.10.01"]
[Round "3"]
[White "LastHeroJr"]
[Black "Durarbayli"]
[Result "1-0"]
[WhiteElo "2530"]
[BlackElo "2797"]
[TimeControl "180+2"]
[EndTime "13:38:33 PDT"]
[Termination "LastHeroJr won on time"]

1. e4 Nf6 2. e5 Nd5 3. d4 d6 4.
Nf3 g6 5. c4 Nb6 6. Nc3 Bg7 7.
Be3 Bg4 8. c5 dxc5 9. dxc5 Qxd1+ 10. Rxd1 N6d7 11. Nd5 Bxf3 12. gxf3 Bxe5 13. f4 c6 14. fxe5 cxd5 15. Rxd5 e6 16. Rd6 Nxe5 17. Bg2 Nbc6 18. Bg5 O-O 19. Bf6 Ng4 20. Bh4 Rfc8 21. O-O Rc7 22. Rfd1 Rac8 23. h3 Nh6 24. Bf6 Rf8 25.
Rd7 Rcc8 26. Rxb7 Nf5 27. a3 a5 28. b4 axb4 29. axb4 e5 30. Rb6 Ncd4 31. Bxe5 Ne2+ 32.
Kf1 Rfe8 33. Bf6 Nf4 34. Bg5 Ne6 35. Bf6 Nf4 36. Rb7 h6 37. Rdd7 Rf8 38. Bd5 Nxd5 39. Rxd5 Rc6 40. Bc3 Nh4 41. b5 Re6 42. c6 Nf3 43. c7 Ree8 44. b6 Ra8 45. Kg2 Nh4+ 46. Kh2 Ra2 47. Rb8 Rxf2+ 48. Kg1 Rg2+ 49. Kf1 1-0

[Event "*** Titled Tuesday Blitz"]
[Site "Chess.com"]
[Date "2019.10.01"]
[Round "3"]
[White "Sajkochess"]
[Black "Andrei_Belozerov"]
[Result "1-0"]
[WhiteElo "2276"]
[BlackElo "2523"]
[TimeControl "180+2"]
[EndTime "13:38:33 PDT"]
[Termination "Sajkochess won by resignation"]

1. e4 c6 2. d4 d5 3. e5 Bf5 4. c4 e6 5. Nc3 Ne7 6. a3 Nd7 7.
c5 b6 8. b4 f6 9. f4 Bg6 10.
Nf3 Nf5 11. g4 Nh6 12. h3 fxe5 13. fxe5 Be7 14. Bd3 bxc5 15. bxc5 Qa5 16. Qd2 O-O 17.
O-O Bxc5 18. Bxg6 hxg6 19. dxc5 Qxc5+ 20. Qd4 Rxf3 21. Qxc5 Rxf1+ 22. Kxf1 Nxc5 23. Be3 Nd3 24. Ke2 Nxe5 25. Bd4 Nhf7 26. Na4 Nc4 27. Rb1 e5 28.
Bc5 a5 29. Rb7 g5 30. Nb6 Nxb6 31. Bxb6 Nd8 32. Re7 Nf7 33. a4 d4 34. Kd3 Rb8 35.
Bxa5 Rb3+ 36. Kc4 Rxh3 37. Bb4 Rh1 38. a5 Rc1+ 39. Kb3 d3 40. a6 Ra1 41. a7 Nd6 42. Ba3 Rxa3+ 43. Kxa3 Nb5+ 44. Kb3 Nxa7 45. Rxa7 e4 46.
Kc3 Kh7 47. Re7 1-0

[Event "*** Titled Tuesday Blitz"]
[Site "Chess.com"]
[Date "2019.10.01"]
[Round "3"]
[White "Spring199"]
[Black "Marreuh"]
[Result "1-0"]
[WhiteElo "2376"]
[BlackElo "2097"]
[TimeControl "180+2"]
[EndTime "13:38:33 PDT"]
[Termination "Spring199 won by resignation"]

1. d4 Nf6 2. c4 e6 3. Nf3 d5 4. g3 Be7 5. Bg2 O-O 6. O-O dxc4 7.
Qc2 b5 8. a4 b4 9. Qxc4 Ba6 10. Qc2 Nbd7 11. Bf4 c5 12. Rd1 Rc8 13. dxc5 Bxc5 14. Qd2 Qb6 15. e3 Ne4 16. Qe1 Ndf6 17. Ne5 Rfd8 18. Nd2 Nxd2 19. Rxd2 Rxd2 20. Qxd2 Rd8 21.
Qe1 Bb7 22. Bxb7 Qxb7 23. Rd1 Rxd1 24. Qxd1 Nd5 25. Nc4 Nxf4 26. Qd8+ Bf8 27. gxf4 Qd5 28. Qxd5 exd5 29. Ne5 f6 30. Nc6 Bc5 31. Kf1 Kf7 32.
Ke2 Ke6 33. Kd3 Kd7 34. Nd4 g6 35. Nb3 Be7 36. Kd4 Kd6 37. f3 f5 38. Kd3 Bf6 39.
Nd4 a6 40. b3 h6 41. Nc2 Bc3 42. Nd4 Be1 43. h3 Bc3 44. Nc2 Bf6 45. Nxb4 g5 46.
fxg5 hxg5 47. Nxa6 Kc6 48. Nb4+ Kc5 49. Nc2 Bg7 50. b4+ Kc6 51. Nd4+ 1-0

[Event "*** Titled Tuesday Blitz"]
[Site "Chess.com"]
[Date "2019.10.01"]
[Round "3"]
[White "ThePunisherxx"]
[Black "PotapovaM"]
[Result "1-0"]
[WhiteElo "2643"]
[BlackElo "2436"]
[TimeControl "180+2"]
[EndTime "13:38:34 PDT"]
[Termination "ThePunisherxx won by checkmate"]

1. c4 Nf6 2. g3 e6 3. Bg2 d5 4.
Nf3 d4 5. O-O c5 6. e3 Nc6 7.
exd4 cxd4 8. d3 Be7 9. Bg5 O-O 10.
Bxf6 Bxf6 11. Nbd2 e5 12. a3 a5 13. Re1 Bf5 14.
Qe2 a4 15. Rac1 Re8 16. c5 h6 17. Nc4 e4 18. dxe4 Rxe4 19. Qd2 Rxe1+ 20. Nxe1 Bg6 21. Nd6 Na5 22. Nxb7 Nxb7 23. Bxb7 Rb8 24. c6 Qc7 25. Rc4 d3 26. Nxd3 Rxb7 27. cxb7 Qxb7 28. Nf4 Be4 29. Rb4 Qc6 30. Qe3 Bf5 31. Rb6 Qc2 32. Rxf6 gxf6 33. Nh5 Qb1+ 34. Kg2 Be4+ 35. f3 Qxb2+ 36. Kh3 Bf5+ 37.
g4 Bg6 38. Nf4 Kh7 39. Kg3 Qe5 40. Qd2 Qc7 41. h4 h5 42. gxh5 Bxh5 43. Qd4 Bg6 44. Qxf6 Qc5 45. Qg5 Qxa3 46. h5 Bc2 47. h6 Qb2 48. Nh5 Bg6 49. Nf6+ Kh8 50. Ng4 a3 51. Ne5 a2 52. Qf6+ Kh7 53. Qg7# 1-0

[Event "*** Titled Tuesday Blitz"]
[Site "Chess.com"]
[Date "2019.10.01"]
[Round "3"]
[White "Aggressus"]
[Black "MikeSailer"]
[Result "1-0"]
[WhiteElo "2372"]
[BlackElo "2088"]
[TimeControl "180+2"]
[EndTime "13:38:34 PDT"]
[Termination "Aggressus won on time"]

1. e4 d5 2. exd5 Qxd5 3. Nc3 Qd6 4. Nf3 Nf6 5. d4 c6 6. Ne5 Bf5 7. Bc4 e6 8. g4 Be4 9. Rg1 h6 10.
Bf4 Qb4 11. Qd2 Bd5 12. Bb3 Bxb3 13. axb3 Nbd7 14. Ra4 Qb6 15. h4 Nxe5 16. Bxe5 Nd5 17. Nxd5 exd5 18. g5 hxg5 19. Qxg5 Be7 20. Qxg7 O-O-O 21. Qxh8 Rxh8 22. Bxh8 Bxh4 23. Rg4 Be7 24. Ra1 Qb4+ 25.
Ke2 Qb5+ 26. Kd2 Qb4+ 27. Kd3 Qb5+ 28. Ke3 b6 29. Rh1 c5 30. Rh7 cxd4+ 31. Bxd4 Bc5 32.
Rg8+ Kb7 33. Rxf7+ Ka6 34. Rgg7 Bxd4+ 35. Kxd4 Qc5+ 36.
Kd3 Qb5+ 37. Kd2 Qb4+ 38. Kd1 Qd4+ 39. Kc1 Kb5 40. Rxa7 Qxf2 41. Kb1 Qe1+ 42. Ka2 Qd2 43. Rgc7 d4 44. Ra4 Qe2 45. Rcc4 1-0

[Event "*** Titled Tuesday Blitz"]
[Site "Chess.com"]
[Date "2019.10.01"]
[Round "3"]
[White "sergeikim"]
[Black "Spalir"]
[Result "0-1"]
[WhiteElo "2488"]
[BlackElo "2821"]
[TimeControl "180+2"]
[EndTime "13:38:42 PDT"]
[Termination "Spalir won on time"]

1. d4 d5 2. c4 e6 3. Nc3 Nf6 4. Nf3 Bb4 5. Qb3 c5 6. cxd5 exd5 7. Bd2 Nc6 8. e3 c4 9. Qc2 O-O 10. Be2 a6 11. O-O b5 12. Ne5 Ne7 13. f4 Bf5 14.
Qd1 Bxc3 15. bxc3 Ne4 16. Be1 f6 17. Nf3 Re8 18. Nh4 Be6 19. f5 Bf7 20. Bf3 Nc8 21. g4 Ncd6 22. Kh1 g5 23. fxg6 hxg6 24. Bg2 Kg7 25. a4 Qd7 26. h3 Qe6 27. Kg1 Nxc3 28. Qc2 Qxe3+ 29. Bf2 Qd3 30. Qb2 Nxa4 31. Qb4 Ne4 32.
Nf3 Nxf2 33. Rxf2 Re2 34. Rxe2 Qxe2 35. Re1 Qd3 36. Re7 Rf8 37. Qd6 c3 38. g5 fxg5 39. Qe5+ Kg8 40. Nxg5 Qf5 41. Qxf5 gxf5 42. Nxf7 c2 43.
Nh6+ Kh8 44. Rc7 b4 45. Rxc2 b3 46. Rc1 b2 47. Rb1 Kg7 48. Bxd5 Kxh6 49. Bc6 Nc3 50.
Rxb2 Ne4 51. Rb6 Rf6 0-1

[Event "*** Titled Tuesday Blitz"]
[Site "Chess.com"]
[Date "2019.10.01"]
[Round "3"]
[White "arjwezhrtdrz"]
[Black "rezacz"]
[Result "0-1"]
[WhiteElo "2086"]
[BlackElo "2517"]
[TimeControl "180+2"]
[EndTime "13:38:46 PDT"]
[Termination "rezacz won by resignation"]

1. e4 e5 2. Nf3 Nc6 3. Nc3 g6 4. d4 exd4 5. Nd5 Bg7 6. Bg5 Nce7 7. Nxd4 c6 8. Nc3 d6 9. Be2 Nf6 10. O-O O-O 11. Qd2 Qc7 12. Bh6 Re8 13. Bxg7 Kxg7 14. Kh1 Neg8 15. Bf3 Be6 16. Rfe1 Rad8 17. Rad1 Bc8 18.
a3 h5 19. h3 Nh7 20. Qf4 Qe7 21. Qg3 Qg5 22. Qh2 Ngf6 23. Re2 h4 24. Rde1 Qe5 25.
Qxe5 dxe5 26. Nb3 Ng5 27. Kg1 Bxh3 28. Rd2 Bc8 29. Red1 Rxd2 30. Rxd2 h3 31. Ne2 Nfxe4 32. Bxe4 Nxe4 33. Rd1 h2+ 34. Kxh2 Rh8+ 35. Kg1 Rh1+ 36. Kxh1 Nxf2+ 37. Kh2 Nxd1 38. Nc5 Nxb2 39. Nc3 Nc4 40. a4 b6 41. Nd3 Bf5 42. Nb4 c5 43. Nc6 Bxc2 44. Nxa7 e4 45. Kg3 g5 46. Nc8 f5 47.
Nd5 f4+ 48. Kf2 e3+ 49. Ke1 Be4 50. Ndxb6 Nxb6 51. Nxb6 Bxg2 52. a5 f3 53. a6 f2+ 54.
Ke2 f1=Q+ 0-1

[Event "*** Titled Tuesday Blitz"]
[Site "Chess.com"]
[Date "2019.10.01"]
[Round "3"]
[White "Vuk2000"]
[Black "Didici"]
[Result "0-1"]
[WhiteElo "2800"]
[BlackElo "2621"]
[TimeControl "180+2"]
[EndTime "13:38:51 PDT"]
[Termination "Didici won by resignation"]

1. d4 f6 2. e4 e5 3. dxe5 Qe7 4. Bf4 Nc6 5. Nc3 fxe5 6. Be3 Nf6 7. Bc4 Qb4 8. Qd3 Nxe4 9. Ne2 Nf6 10. O-O Qe7 11. Bg5 Qd6 12. Qg3 Qc5 13. Bxf6 gxf6 14. Qh4 Be7 15. Ne4 Qb4 16. a3 Qxb2 17. Bb3 Nd4 18.
N2g3 Nxb3 19. cxb3 Rf8 20. Qxh7 d6 21. Rfb1 Qd4 22.
Rd1 Qb6 23. Rac1 Be6 24. Nf5 Bxf5 25. Qxf5 Rd8 26. Nc3 c6 27. Rd3 d5 28. Rh3 Rf7 29. Qe6 Qc7 30. g3 Qd7 31. Qxd7+ Kxd7 32. b4 Ke6 33.
Rh6 b6 34. h4 Rc8 35. Ne2 c5 36. g4 c4 37. f4 d4 38. fxe5 Kxe5 39. Rh5+ Ke4 40.
Ng3+ Kf3 41. Kh2 Bd6 42. Kh3 Bxg3 43. Rf5+ Bf4 44. Rf1+ Ke3 45. R5xf4 d3 46. g5 c3 47. g6 Rd7 48. R4f3+ Kd4 49. h5 c2 50. Rxf6 d2 51. R6f4+ Kc3 52. R4f3+ Kb2 53. h6 d1=Q 0-1

[Event "*** Titled Tuesday Blitz"]
[Site "Chess.com"]
[Date "2019.10.01"]
[Round "3"]
[White "IMTominho"]
[Black "Karacsonyi_Gellert"]
[Result "1-0"]
[WhiteElo "2775"]
[BlackElo "2535"]
[TimeControl "180+2"]
[EndTime "13:38:51 PDT"]
[Termination "IMTominho won by checkmate"]

1. d4 Nf6 2. c4 e6 3. Nf3 d5 4. Bg5 Nbd7 5. e3 h6 6. Bh4 Be7 7. Nc3 O-O 8. Rc1 c5 9. cxd5 Nxd5 10. Bg3 N7f6 11. Nxd5 Nxd5 12. dxc5 Qa5+ 13. Qd2 Qxa2 14. Bc4 Qa4 15. Bxd5 exd5 16. O-O Be6 17. Be5 Rac8 18.
Bd4 Qb5 19. Qc3 f6 20. b4 Rc6 21. Ra1 a6 22. Rfc1 b6 23. h3 Rfc8 24. Rab1 Bf5 25. Rb2 Qd3 26. Qxd3 Bxd3 27. Rd1 bxc5 28. Bxc5 Bxc5 29.
bxc5 Bc4 30. Nd4 Rxc5 31. Rb7 R5c7 32. Rdb1 a5 33. Ne6 Rxb7 34. Rxb7 Ra8 35. Nc7 Rc8 36. Ra7 a4 37. Ne6 Bb3 38. Rxg7+ Kh8 39. Ra7 Rc1+ 40. Kh2 Rc2 41. Kg3 Ra2 42. Nc5 Bd1 43. Nd7 a3 44. Nxf6 Bc2 45. f4 Bd3 46. Kg4 Rxg2+ 47. Kh5 a2 48. Nxd5 Bb1 49. Nf6 Rg6 50. Rh7# 1-0

[Event "*** Titled Tuesday Blitz"]
[Site "Chess.com"]
[Date "2019.10.01"]
[Round "3"]
[White "oskariot"]
[Black "Kostya_Nikologorskiy"]
[Result "0-1"]
[WhiteElo "2714"]
[BlackElo "2493"]
[TimeControl "180+2"]
[EndTime "13:38:54 PDT"]
[Termination "Kostya_Nikologorskiy won on time"]

1. e4 e6 2. d4 d5 3. Nc3 Bb4 4. e5 c5 5. a3 Bxc3+ 6. bxc3 Ne7 7. Nf3 b6 8. a4 Ba6 9. Bxa6 Nxa6 10. O-O h6 11.
Qd3 Nb8 12. Ba3 Nd7 13. c4 O-O 14. dxc5 Nxc5 15. Qe3 dxc4 16. Bxc5 bxc5 17. Qxc5 Nd5 18. Qxc4 Rc8 19. Qd4 Qa5 20. c4 Nb6 21. Rfc1 Rfd8 22. Qe4 Rc5 23. Nd4 Rxc4 24. Rxc4 Nxc4 25. Nc6 Qc3 26. Qe1 Qxe1+ 27. Rxe1 Rd7 28. Rc1 f6 29. Kf1 Nxe5 30. Nxe5 fxe5 31. Rc5 Rd5 32. Rc8+ Kh7 33. Re8 Rd6 34. Re7 Ra6 35. Ke2 Kg6 36. Ke3 Kf6 37. Rb7 Rxa4 38. h3 a5 39. g3 h5 40. Ra7 Ra3+ 41. Ke4 Ra4+ 42. Ke3 g6 43. h4 Ra3+ 44. Ke4 Ra2 45. f3 Ra4+ 46. Ke3 Ra1 47. Ra8 a4 48.
Ra7 a3 49. Kf2 e4 50. fxe4 Ke5 51. Ra4 Kd6 52. Kg2 Kc5 53. Ra6 a2 0-1

[Event "*** Titled Tuesday Blitz"]
[Site "Chess.com"]
[Date "2019.10.01"]
[Round "3"]
[White "sandropozo"]
[Black "Zarikovs1999"]
[Result "1-0"]
[WhiteElo "2619"]
[BlackElo "2411"]
[TimeControl "180+2"]
[EndTime "13:38:55 PDT"]
[Termination "sandropozo won by resignation"]

1. d4 Nf6 2. Nf3 e6 3. Bf4 d5 4. e3 c5 5. Nbd2 Bd6 6. Bg3 Nc6 7. c3 Bxg3 8. hxg3 Qd6 9. Bd3 e5 10. Nxe5 Nxe5 11. dxe5 Qxe5 12. Qa4+ Bd7 13. Qf4 Qxf4 14. gxf4 Ke7 15. a4 Bc6 16. Nf3 Nd7 17. b4 cxb4 18.
cxb4 b6 19. Nd4 Rac8 20. Ba6 Rc7 21. Rc1 Nb8 22. Bb5 Rhc8 23. Rxh7 Kf6 24. Rh5 Bxb5 25.
Rxc7 Rxc7 26. axb5 Rc4 27. Rxd5 Ke7 28. Re5+ Kd8 29.
Rg5 g6 30. f5 gxf5 31. Rxf5 Ke7 32. Re5+ Kd8 33. Rh5 Rxb4 34. Rh8+ Kc7 35. Rf8 a5 36. Rxf7+ Nd7 37. Kd2 a4 38. Kc3 Rb1 39. Nc2 Rb3+ 40. Kc4 Kd6 41. f4 Rb2 42. Kc3 Rb3+ 43. Kc4 Rb2 44. Nb4 a3 45. Rh7 Nc5 46. Rh6+ Ke7 47. Rh1 Rxg2 48. Ra1 Re2 49. Rxa3 Kd6 50. Rc3 Rb2 51.
Nd3 Rd2 52. Nxc5 bxc5 53. Rd3+ Rxd3 54. Kxd3 Kd5 55. e4+ 1-0

[Event "*** Titled Tuesday Blitz"]
[Site "Chess.com"]
[Date "2019.10.01"]
[Round "3"]
[White "Alex_Terzi"]
[Black "Aariow"]
[Result "1-0"]
[WhiteElo "2616"]
[BlackElo "2403"]
[TimeControl "180+2"]
[EndTime "13:38:55 PDT"]
[Termination "Alex_Terzi won by resignation"]

1. e4 e5 2. Nf3 Nc6 3. Bb5 a6 4. Ba4 Nf6 5. d3 d6 6. c4 g6 7. Nc3 Bg7 8. h3 O-O 9. Be3 Bd7 10. Nd5 Nxd5 11. cxd5 Nd4 12. Bxd4 exd4 13. Bxd7 Qxd7 14.
O-O h6 15. Qb3 c5 16. dxc6 bxc6 17. Qa4 Rfb8 18. b3 Qc7 19. Rac1 c5 20. Nxd4 a5 21.
Qc6 Qxc6 22. Nxc6 Rb7 23. d4 Ra6 24. d5 a4 25. e5 dxe5 26. Rxc5 axb3 27. axb3 Rxb3 28.
d6 Rd3 29. d7 Rxc6 30. Rxc6 Rxd7 31. Rfc1 Bf8 32. Rc7 Rxc7 33. Rxc7 Bb4 34. Kf1 Kg7 35. g4 h5 36. g5 h4 37. Ke2 Bd6 38. Rd7 Ba3 39. Kf3 Bc5 40. Rc7 Bd4 41. Rb7 Kf8 42.
Rc7 Kg7 43. Rc2 f5 44. gxf6+ Kxf6 45. Kg4 e4 46. Kxh4 Kf5 47. Kg3 g5 48. Rc8 Be5+ 49.
Kg2 Bf4 50. Rc5+ Be5 51. Rb5 Kf4 52. Rb7 Bd4 53. Rf7+ Ke5 54. Kg3 e3 55. Re7+ Kf6 56. Rxe3 1-0

[Event "*** Titled Tuesday Blitz"]
[Site "Chess.com"]
[Date "2019.10.01"]
[Round "3"]
[White "Vojtap"]
[Black "dolynachess"]
[Result "0-1"]
[WhiteElo "2179"]
[BlackElo "2417"]
[TimeControl "180+2"]
[EndTime "13:38:57 PDT"]
[Termination "dolynachess won by resignation"]

1. e4 d5 2. exd5 Qxd5 3. Nc3 Qd8 4. d4 Nf6 5. Bc4 a6 6. a4 Bf5 7. Nf3 e6 8. O-O Be7 9. Ne5 O-O 10. Be3 Nbd7 11.
Qf3 c6 12. Bb3 a5 13. Rad1 Qc7 14. Bf4 Bd6 15. Qe2 Rad8 16. Rfe1 Nd5 17. Nxd5 exd5 18.
Qf3 Rfe8 19. Qg3 f6 20. Nd3 Bxf4 21. Nxf4 Nf8 22. c4 Ng6 23. Rxe8+ Rxe8 24. Nxg6 Qxg3 25. hxg3 Bxg6 26. cxd5 Bf7 27. Kf1 Kf8 28. Rc1 cxd5 29. Rc7 Re7 30. Rc8+ Re8 31. Rc5 Re4 32. Bxd5 Bxd5 33.
Rxd5 b6 34. f3 Re3 35. Rb5 Rd3 36. d5 Ke7 37. Ke2 Rd4 38. b3 g5 39. Rxb6 Rxd5 40.
Ra6 h5 41. Ke3 h4 42. gxh4 gxh4 43. Ke4 Rg5 44. Kf4 Kf7 45. Ra7+ Kg6 46. Rb7 Rxg2 47.
Rb5 h3 48. Rb8 Kg7 49. Rb7+ Kg6 50. Rb8 h2 51. Rh8 Rb2 52. Rxh2 Rxh2 53. b4 axb4 54. a5 Ra2 0-1

[Event "*** Titled Tuesday Blitz"]
[Site "Chess.com"]
[Date "2019.10.01"]
[Round "3"]
[White "gena217"]
[Black "GelmanAlexander"]
[Result "1-0"]
[WhiteElo "2900"]
[BlackElo "2498"]
[TimeControl "180+2"]
[EndTime "13:38:59 PDT"]
[Termination "gena217 won by resignation"]

1. e4 d5 2. exd5 Qxd5 3. Nc3 Qa5 4. d4 Nf6 5. Nf3 Nc6 6. Bb5 Nd5 7. Bd2 Nxc3 8. Bxc6+ bxc6 9. Bxc3 Qd5 10. O-O Bg4 11. Re1 e6 12. Re3 Bd6 13. Qd3 O-O 14. Ne5 Bf5 15. Qe2 Rad8 16. h3 h6 17. b3 f6 18.
Nd3 Rfe8 19. Re1 Re7 20. Bb2 Rde8 21. c4 Bxd3 22. Qxd3 Qg5 23. Bc3 c5 24. Qe2 cxd4 25. Bxd4 e5 26. Bc3 Bc5 27. Rd3 e4 28. Rd5 e3 29. f3 Re5 30. Bxe5 Rxe5 31. Rxc5 Rxc5 32. Qxe3 Qf5 33. g4 Qe5 34. Qxe5 fxe5 35. Kf2 Kf7 36. Ke3 Ke6 37. Rd1 Ra5 38. Rd2 Ra6 39. Ke4 g6 40. h4 Ra5 41. a4 Ra6 42. Rd5 Kf6 43. Rxe5 Rd6 44. g5+ hxg5 45. hxg5+ Kf7 46. Rd5 Re6+ 47. Kd4 Re1 48. Ra5 Rd1+ 49. Kc3 Ke6 50. Rxa7 Rd7 51. Ra5 Rf7 52. Rc5 Rxf3+ 53. Kb4 Kd7 54. a5 c6 55.
a6 Kc7 56. a7 Kb7 57. Rxc6 Kxa7 58. Rxg6 Rf5 59. c5 Ka8 60. Kb5 Rf3 61. b4 Rb3 62. c6 Rh3 63. Kb6 Rh8 64. b5 Rc8 65. Rf6 Rg8 66. g6 Rb8+ 67. Kc5 Rg8 68. b6 Re8 69.
g7 Rb8 70. Rf8 1-0

[Event "*** Titled Tuesday Blitz"]
[Site "Chess.com"]
[Date "2019.10.01"]
[Round "3"]
[White "ChessBitl"]
[Black "Komissarov_alex"]
[Result "0-1"]
[WhiteElo "2308"]
[BlackElo "1916"]
[TimeControl "180+2"]
[EndTime "13:39:04 PDT"]
[Termination "Komissarov_alex won by resignation"]

1. e4 e5 2. Nf3 Nc6 3. d4 exd4 4. Bc4 Bc5 5. c3 Nf6 6. cxd4 Bb4+ 7. Bd2 Nxe4 8.
Bxb4 Nxb4 9. Bxf7+ Kxf7 10. Qb3+ d5 11. Qxb4 Qf8 12. Qxf8+ Rxf8 13. O-O c6 14. Nbd2 Nxd2 15. Nxd2 Kg8 16. Rfe1 Bd7 17. Re7 Rf7 18. Rae1 Raf8 19. f4 Rxe7 20. Rxe7 Rf7 21. Rxf7 Kxf7 22. Kf2 Kf6 23.
Ke3 b6 24. Nf3 Ke7 25. Ne5 Kd6 26. g4 c5 27. g5 Bf5 28. h4 c4 29. Kd2 b5 30. h5 a5 31. h6 gxh6 32. Nf7+ Ke6 33.
Nxh6 Be4 34. Ng8 b4 35. Nf6 a4 36. a3 c3+ 37. bxc3 bxa3 38. Kc1 Bd3 39. Ng4 Kf5 40. Ne3+ Ke4 41. f5 Kxe3 42. g6 Bxf5 43. g7 Be6 44. Kb1 h5 45. Ka2 h4 46. Kxa3 h3 47. c4 h2 48. c5 h1=Q 49. c6 Qb1 50. Kxa4 Qb6 51. c7 Qxc7 52. Kb5 Kxd4 53. Ka6 Kc5 0-1

[Event "*** Titled Tuesday Blitz"]
[Site "Chess.com"]
[Date "2019.10.01"]
[Round "3"]
[White "biostatistician"]
[Black "NemtsevIgor"]
[Result "1-0"]
[WhiteElo "2588"]
[BlackElo "2311"]
[TimeControl "180+2"]
[EndTime "13:39:08 PDT"]
[Termination "biostatistician won by resignation"]

1. d4 c6 2. Nf3 h6 3. c4 d6 4. Nc3 g5 5. e4 Bg7 6. Be3 Nd7 7. h4 g4 8. Nd2 g3 9. fxg3 h5 10. Nf3 Nh6 11. Qd2 Ng4 12. Bg5 Qb6 13. Be2 f6 14. Be3 Nxe3 15. Qxe3 Qxb2 16. O-O Qb6 17. Rab1 Qa5 18.
d5 Bh6 19. Qd4 Ne5 20. Nxe5 fxe5 21. Bxh5+ Kd8 22. Qd3 Qc5+ 23. Kh2 Be3 24. Bf7 Bd4 25. Ne2 Be3 26. Rf3 Bg5 27. Be6 Bxe6 28. dxe6 Kc7 29.
Ng1 Rag8 30. Nh3 Bf6 31. Qe2 b6 32. Rf5 Kb7 33. Rbf1 Qd4 34. R1f3 Qa1 35. Ra3 Qd4 36. c5 b5 37. cxd6 Qxd6 38. Rd3 Qc5 39. Rd7+ Kb6 40. Qf3 Qc4 41. Qf2+ c5 42. Rxf6 exf6 43. Qxf6 Qxe4 44.
e7+ Ka5 45. Rd8 Qe3 46. Rxg8 Rxg8 47. Ng5 Re8 48. Qf7 Rxe7 49. Qxe7 c4 50. Nf3 c3 51. Qc7+ Kb4 52. Qxe5 Qxe5 53. Nxe5 Kc5 54. Nd3+ Kd4 55. Nc1 Ke3 56. h5 Kd2 57. Nb3+ Kc2 58. h6 Kb2 59. h7 Kxa2 60. Nc1+ Kb1 61. h8=Q b4 62. Nd3 a5 63. Qd4 Kc2 64. Nxb4+ axb4 65. Qxb4 Kd2 66. g4 1-0